 Dungeon Crawl Stone Soup version 0.31-a0-426-g3a05650e59 (webtiles) character file.

Game seed: 11677882539309159256

21 Zonian the Ruffian (level 2, -1/22 HPs)
             Began as a Barachi Shapeshifter on July 31, 2023.
             Slain by a kobold
             ... wielding a +0 club
              (2 damage)
             ... on level 1 of the Dungeon.
             The game lasted 00:00:59 (965 turns).

Zonian the Ruffian (Barachi Shapeshifter)            Turns: 965, Time: 00:01:01

Health: -1/22      AC:  2    Str: 13 (16) XL:     2   Next: 87%
Magic:  2/2        EV: 12    Int:  5 (8)  God:
Gold:   25         SH:  0    Dex: 10 (12) Spells: 1/1 levels left

rFire   . .          .
                       - Unarmed
rCold   . . .        (no shield)
rNeg    . . .        a - +0 animal skin
rPois   .            (helmet currently unavailable)
rElec   .            (cloak currently unavailable)
rCorr   .            (gloves currently unavailable)
SInv    .            (boots currently unavailable)
Will    .....        (no amulet)
Stlth   +            (no ring)
HPRegen 0.23/turn    (no ring)
MPRegen 0.08/turn

%: no passive effects
@: lethally poisoned (-1 -> -2), beast-form, slow
A: beast (slay +2), amphibious, slowness 1, strong legs 1, +LOS
a: Hop, Begin Untransformation


You were on level 1 of the Dungeon.
You were a hulking beast.
You visited 1 branch of the dungeon, and saw 2 of its levels.

You collected 25 gold pieces.

Inventory:

Armour
 a - a +0 animal skin (worn)
Talismans
 c - a beast talisman (active)
Scrolls
 d - a scroll of enchant weapon {unknown}
 g - a scroll of fear {unknown}
 h - a scroll of teleportation {unknown}
 i - a scroll of acquirement {unknown}
 j - a scroll of noise {unknown}
Potions
 b - a potion of lignification
 e - a potion of degeneration
 f - 4 potions of haste {unknown}


   Skills:
 + Level 2.0 Fighting
 + Level 2.6 Dodging
 + Level 3.6 Unarmed Combat
 + Level 3.4 Shapeshifting


You had one spell level left.
You didn't know any spells.
Your spell library was empty.

Dungeon Overview and Level Annotations

Branches:
Dungeon (2/15)

Altars:


Innate Abilities, Weirdness & Mutations

You are a hulking beast.
Your limbs bulge with bestial killing power. (Slay +2)
You are amphibious.
You cover ground slowly.
You can hop short distances.
You have an extended range of vision and can be seen from far away.


Message History

The kobold is severely wounded.
The kobold closely misses you. The rat misses you.
You closely miss the kobold.
The kobold is moderately wounded.
You hit the kobold.
You kill the kobold!
A hobgoblin comes into view.
The rat bites you.
Unknown command.
The kobold throws a stone.
The stone closely misses you. The adder bites you. The rat misses you.
The rat attacks as you move away! The rat closely misses you.
A jackal comes into view.
Found a pair of boots.
The kobold hits you but does no damage.
The jackal moves out of view.
There is a stone staircase leading up here.
Unknown command.
The adder bites you.
You are poisoned.
The adder poisons you! The kobold hits you with a +0 club.
You climb upwards.
You feel sick.
There is a stone staircase leading down here.
Unknown command.
You miss the adder.
You feel sick. The adder completely misses you. The kobold closely misses you.
The adder bites you.
You closely miss the adder. Your punch misses the adder.
You feel sick. The adder closely misses you.
The kobold hits you with a +0 club.
Unknown command.
You closely miss the adder.
You feel sick. The adder bites you.
* * * LOW HITPOINT WARNING * * *
The kobold hits you with a +0 club.
* * * LOW HITPOINT WARNING * * *
Unknown command.
It was a potion of degeneration.
There was something very wrong with that liquid.
You feel weakened.
You feel dopey.
You feel clumsy.
* * * LOW HITPOINT WARNING * * *
You feel sick. The adder closely misses you.
The kobold hits you with a +0 club.
You die...

#####...........#
................#
................#
................#
..[.............#
...##...........#
...##...........#
.†.##...........########
................hS.....#
#####...........K#######
.# #............# .#
#............# .#
#............#
.####......#####.# ###
...#..##.###.....# #.#
##...###.# #.##..# #.#
...### #.#
#.##..#######.#


You could see an adder and a kobold.

Vanquished Creatures
  A dart slug (D:1)
  A ball python (D:2)
  A bat (D:1)
  An endoplasm (D:1)
  2 giant cockroaches (D:1)
  2 goblins (D:1)
  3 jackals (D:1)
  A quokka (D:1)
  A frilled lizard (D:1)
  2 kobolds
  2 rats (D:1)
17 creatures vanquished.

Notes
Turn   | Place    | Note
-------+----------+-------------------------------------------
     0 | D:1      | Zonian the Barachi Shapeshifter began the quest for the
                  | Orb.
     0 | D:1      | Reached XP level 1. HP: 15/15 MP: 1/1
   289 | D:1      | Reached XP level 2. HP: 21/21 MP: 2/2
   965 | D:1      | HP: 1/22 [poisoned by an adder]
   965 | D:1      | Slain by a kobold

Illustrated notes

Levels and vault maps discovered:
D:1:      denvon_arrival_planthouse, layout_basic
D:2:      layout_loops_cross

Skill      XL: |  1  2 |
---------------+-------+-----
Fighting       | 2 |  2.0
Dodging        | |  2.6
Unarmed Combat | |  3.6
Shapeshifting  | |  3.4

Action                     || total
---------------------------++-------
  Melee: Unarmed           ||    55
    Use: Potion            ||     1
 Armour: Animal skin       ||     7
  Dodge: Dodged            ||    38

Table legend: (Time is in decaauts)
 A = Elapsed time spent in this place.
 B = Non-inter-level travel time spent in this place.
 C = Inter-level travel time spent in this place.
 D = Time resting spent in this place.
 E = Time spent auto-exploring this place.
 F = Levels seen in this place.
 G = Mean time per level.
                   A        B        C        D        E       F      G
               +--------+--------+--------+--------+--------+-----+--------+
         Total |   1097 |   1068 |     29 |    124 |    798 |   2 |  548.5 |
       Dungeon |   1097 |   1068 |     29 |    124 |    798 |   2 |  548.5 |
               +--------+--------+--------+--------+--------+-----+--------+

Top non-repeatable levels by time:
     D:1: 1088 daAuts
     D:2: 9 daAuts
